Cogmind - Beta 10.1 @@@ ROGUE MODE // 2020.09.27 @ 12:55:12 Player: MJWkr Result: Destroyed by G-47 Trooper with Particle Gun Performance ------------- Evolutions (3) 1500 Regions Visited (6) 1200 Robots Destroyed (41) 205 Value Destroyed (1450) 1450 Prototype IDs (3) 60 Alien Tech Used (0) 0 Bonus (33) 33 TOTAL SCORE: 4448 Bonus ------- High Alert Combat Kills 33 Cogmind --------- Core Integrity 0/700 Matter 182/300 Energy 63/100 System Corruption 3% Temperature Cool (27) Movement Treading (160) Location -7/Storage Parts ------- > --- POWER (2) -------- (None) > --- PROPULSION (3) --- Light Treads Medium Treads > --- UTILITY (5) ------ (None) > --- WEAPON (3) ------- Chainsword > --- INVENTORY (4) ---- Advanced Terrain Scanner Autogun Peak State ------------ > --- POWER ------------ Light Nuclear Core > --- PROPULSION ------- Improved Carbon-fiber Leg Gravmag System VTOL Module > --- UTILITY ---------- Improved Cooling System High-capacity Battery Enhanced Optical Array Advanced Sensor Array Recoil Stabilizer > --- WEAPON ----------- Autogun Minigun Remote Datajack > --- INVENTORY -------- Gravmag System Advanced Terrain Scanner Autogun [Rating: 37] Favorites ----------- Power Ion Engine Engine Ion Engine Power Core Nuclear Core Propulsion Light Treads Treads Light Treads Leg Improved Carbon-fiber Leg Hover Unit Gravmag System Flight Unit VTOL Module Utility Cooling System Device Cooling System Storage Large Battery Processor Enhanced Optical Array Hackware System Shield Protection Light Armor Plating Weapon Medium Laser Energy Gun Medium Laser Ballistic Gun Heavy Assault Rifle Ballistic Cannon Flak Cannon Launcher Grenade Launcher Special Weapon Remote Datajack Slashing Weapon Chainsword Build | -11 -10 -10 -9 -8 -7 -7 ------- Run | Scr Mat Min Mat Mat Fac Sto Slots Evolved 6 | . . . 2 2 2 . Power 1 | . . . . . 1 . Propulsion 1 | . . . . . 1 . Utility 3 | . . . 2 1 . . Weapon 1 | . . . . 1 . . Parts Attached 61 | 5 2 3 10 14 5 22 Power 8 | 1 . 2 1 1 . 3 Engine 5 | 1 . 1 1 . . 2 Core 3 | . . 1 . 1 . 1 Reactor . | . . . . . . . Propulsion 19 | 2 . . 2 3 2 10 Treads 9 | 2 . . 1 3 . 3 Leg 2 | . . . . . 2 . Wheel . | . . . . . . . Hover 6 | . . . 1 . . 5 Flight 2 | . . . . . . 2 Utility 16 | . 2 . 4 4 3 3 Device 11 | . 2 . 2 3 2 2 Storage 2 | . . . 1 . . 1 Processor 1 | . . . . . 1 . Hackware 1 | . . . . 1 . . Protection 1 | . . . 1 . . . Artifact . | . . . . . . . Weapon 18 | 2 . 1 3 6 . 6 Energy Gun 5 | 2 . . 1 2 . . Energy Cannon . | . . . . . . . Ballistic Gun 4 | . . . . 1 . 3 Ballistic Cannon 2 | . . . 1 1 . . Launcher 4 | . . 1 1 2 . . Special Weapon 1 | . . . . . . 1 Impact Weapon . | . . . . . . . Slashing Weapon 2 | . . . . . . 2 Piercing Weapon . | . . . . . . . Special Melee Weapon . | . . . . . . . Unidentified Prototypes 1 | . . . . . . 1 Parts Lost 29 | . . . 5 13 . 11 Power 2 | . . . . 1 . 1 Propulsion 10 | . . . 2 2 . 6 Utility 6 | . . . 2 3 . 1 Weapon 11 | . . . 1 7 . 3 Highest Loss Streak 11 | . . . 4 7 . 11 Average Slot Usage (%) 89 | . 85 100 90 92 22 59 Engine 7 | . 14 14 11 2 . . Core 2 | . . . . 6 . 4 Treads 18 | . 28 28 19 14 . . Device 24 | . 14 28 21 26 14 15 Storage 4 | . . . 11 8 . 4 Hackware 3 | . . . . 8 . . Energy Gun 15 | . 28 27 2 11 . . Ballistic Gun 1 | . . . . 3 . 10 Ballistic Cannon 4 | . . . 10 8 . . Launcher 2 | . . . 9 3 . . Naked Turns 15 | . . . . 14 . 1 Heaviest Build 27 | 9 13 14 25 27 3 22 Greatest Support 68 | 40 40 40 40 46 18 68 Greatest Overweight (x) 7 | . . . 6 7 . 4 Average Overweight (x) . | . . . . . . . Largest Inventory Capacity 4 | 4 4 4 4 4 4 4 Average Capacity 4 | 4 4 4 4 4 4 4 Most Carried 4 | 2 4 4 4 4 4 4 Average Carried 3 | 1 2 3 3 3 4 2 Final Capacity 4 | 4 4 4 4 4 4 4 Final Carried 4 | 2 4 4 4 4 4 2 Class Distribution -------------------- 64% | Mutant 22% | Gunner 9% | Scavenger-Gunner Dominant Class ---------------- Mutant | -10/Materials Mutant | -10/Mines Mutant | -9/Materials Gunner | -8/Materials Mutant | -7/Factory Mutant | -7/Storage Resources | -11 -10 -10 -9 -8 -7 -7 ----------- Run | Scr Mat Min Mat Mat Fac Sto Matter Collected 1255 | 186 . 134 163 449 50 273 Remotely . | . . . . . . . Salvage Created 1282 | . . 47 319 785 . 131 Parts 82 | . . 3 25 44 . 10 Haulers Intercepted 1 | . . . 1 . . . Recyclers Shooed . | . . . . . . . Parts Field Recycled . | . . . . . . . Retrieved Matter . | . . . . . . . Parts Self-Destructed . | . . . . . . . Prevented . | . . . . . . . Kills | -11 -10 -10 -9 -8 -7 -7 ------- Run | Scr Mat Min Mat Mat Fac Sto Combat Hostiles Destroyed 33 | . . 2 7 20 . 4 Melee 1 | . . . . 1 . . Guns 10 | . . . 2 4 . 4 Cannons 10 | . . . 3 7 . . AOE 12 | . . 2 2 8 . . Classes Destroyed 10 | . . 2 5 2 . 1 Worker 1 | . . . 1 . . . Builder 2 | . . . 2 . . . Hauler 1 | . . . 1 . . . Recycler 1 | . . . . 1 . . Watcher 3 | . . . 2 1 . . Swarmer 7 | . . 1 . 3 . 3 Grunt 15 | . . 1 4 10 . . Sentry 9 | . . . 3 6 . . Hunter 1 | . . . . 1 . . Programmer 1 | . . . . . . 1 Best Kill Streak 7 | . . 1 5 7 . 2 Combat Bots Only 6 | . . 1 3 6 . 2 Max Kills in Single Turn 3 | . . 1 2 3 . 1 Gunslinging . | . . . . . . . Exploded 3 | . . 1 1 3 . . Melee 1 | . . . . 1 . . Uniques/NPCs Destroyed . | . . . . . . . Combat | -11 -10 -10 -9 -8 -7 -7 -------- Run | Scr Mat Min Mat Mat Fac Sto Damage Taken 4205 | . . 183 730 1588 . 1704 Core 1230 | . . 26 113 381 . 710 Absorbed by Shields . | . . . . . . . Core Remaining (%) 72 | 100 . 89 71 30 . . Volleys Fired 106 | . . 5 29 40 . 32 Largest 3 | . . 2 2 3 . 3 Hottest 163 | . . 90 113 163 . 71 Shots Fired 197 | . . 10 37 105 . 45 Gun 108 | . . 8 7 58 . 35 Cannon 56 | . . . 27 29 . . Launcher 23 | . . 2 3 18 . . Special 10 | . . . . . . 10 Kinetic 110 | . . . 27 48 . 35 Thermal 47 | . . 3 5 39 . . Explosive 11 | . . 2 3 6 . . Electromagnetic 19 | . . 5 2 12 . . Robot Hit Streak 11 | . . 4 4 11 . 7 Robot Miss Streak 6 | . . 3 6 4 . 3 Penetration Max . | . . . . . . . Secondary Targets . | . . . . . . . Shots Hit Robots 122 | . . 6 14 73 . 29 Core Hits 104 | . . 4 18 73 . 9 Critical Hits 2 | . . . 1 . . 1 Critical Kills 1 | . . . 1 . . . Critical Parts Destroyed 1 | . . . . . . 1 Melee Attacks 10 | . . . . . . 10 Impact . | . . . . . . . Slashing 10 | . . . . . . 10 Piercing . | . . . . . . . Sneak Attacks . | . . . . . . . Combat Hostiles . | . . . . . . . Follow-up Attacks . | . . . . . . . Damage Inflicted 3328 | . . 184 601 1944 . 599 Guns 915 | . . 79 59 464 . 313 Cannons 822 | . . . 344 478 . . Explosions 1269 | . . 105 198 966 . . Melee 286 | . . . . . . 286 Ramming 36 | . . . . 36 . . Kinetic 1267 | . . . 344 610 . 313 Thermal 729 | . . 106 47 576 . . Explosive 717 | . . 36 198 483 . . Electromagnetic 293 | . . 42 12 239 . . Impact . | . . . . . . . Slashing 286 | . . . . . . 286 Piercing . | . . . . . . . Highest Corruption 4 | . . . . 4 2 3 Average Corruption 2 | . . . . 3 2 2 Corruption Purged . | . . . . . . . Effects 5 | . . . . . . 5 Matter Fused 1 | . . . . . . 1 Energy Discharges 1 | . . . . . . 1 Data Loss (minor) 1 | . . . . . . 1 Targeting Errors 2 | . . . . . . 2 Overload Shots . | . . . . . . . Overflow Damage 140 | . . . 8 132 . . Projectiles 6 | . . . . 6 . . Explosions 134 | . . . 8 126 . . Melee . | . . . . . . . Knockbacks 8 | . . . . 8 . . Impact . | . . . . . . . Kinetic 8 | . . . . 8 . . Secondary . | . . . . . . . Self-Inflicted Damage 299 | . . 16 157 126 . . Shots 7 | . . 1 3 3 . . Rammed 10 | . . . . 10 . . Targets Rammed 10 | . . . . 10 . . Kicked . | . . . . . . . Crushed . | . . . . . . . Highest Temperature 36 | . . . 1 5 . 36 Average Temperature 10 | . . . 1 4 . 12 Received Heat Transfer 1086 | . . 24 183 504 . 375 Siege Activations . | . . . . . . . Robots Corrupted . | . . . . . . . Combat Hostiles . | . . . . . . . Parts Fried . | . . . . . . . Impact Corruptions . | . . . . . . . Robots Melted . | . . . . . . . Combat Hostiles . | . . . . . . . Parts Melted . | . . . . . . . Heat Transferred 1436 | . . 161 111 1164 . . Parts Sabotaged . | . . . . . . . Parts Stolen . | . . . . . . . Parts Stripped . | . . . . . . . Power Chain Reactions 3 | . . 1 . 2 . . Missiles Intercepted . | . . . . . . . Alert | -11 -10 -10 -9 -8 -7 -7 ------- Run | Scr Mat Min Mat Mat Fac Sto Peak Influence 418 | . 5 51 242 418 217 205 Initial 186 | . . 1 11 17 186 98 Average 87 | . 4 12 100 148 209 156 Maximum Alert Level 2 | . . . 1 2 1 1 Low Security (%) 82 | 100 100 100 90 66 16 72 Level 1 17 | . . . 9 32 83 27 Level 2 . | . . . . 1 . . Level 3 . | . . . . . . . Level 4 . | . . . . . . . Level 5 . | . . . . . . . High Security . | . . . . . . . Max Security . | . . . . . . . Squads Dispatched 11 | . . . . 8 1 2 Investigation 3 | . . . . 1 1 1 Extermination . | . . . . . . . Reinforcement 5 | . . . . 4 . 1 Assault . | . . . . . . . Garrison 3 | . . . . 3 . . Intercept . | . . . . . . . Construction Impeded 2 | . . . . 2 . . Haulers Reinforced . | . . . . . . . Stealth | -11 -10 -10 -9 -8 -7 -7 --------- Run | Scr Mat Min Mat Mat Fac Sto Distress Signals 9 | . . 1 . 6 1 1 Communications Jammed . | . . . . . . . Distress Signals . | . . . . . . . Times Spotted 76 | . 1 6 11 45 1 12 Peak Tracking Total 7 | . 1 3 3 7 2 4 Tactical Retreats 14 | . . 1 1 9 1 2 Traps | -11 -10 -10 -9 -8 -7 -7 ------- Run | Scr Mat Min Mat Mat Fac Sto Traps Triggered 5 | . . . 1 1 1 2 Indirectly . | . . . . . . . Trap Hack Attempts . | . . . . . . . Triggered . | . . . . . . . Disarmed . | . . . . . . . Reprogrammed . | . . . . . . . Reused . | . . . . . . . Traps Extracted . | . . . . . . . Installed . | . . . . . . . Triggered . | . . . . . . . Machines | -11 -10 -10 -9 -8 -7 -7 ---------- Run | Scr Mat Min Mat Mat Fac Sto Machines Disabled 9 | . . 2 2 5 . . Max in Single Turn 2 | . . 2 2 2 . . Machines Sabotaged . | . . . . . . . Garrisons Compromised . | . . . . . . . Overloaded Fab Kills . | . . . . . . . Fab Network Shutdowns . | . . . . . . . Hacking | -11 -10 -10 -9 -8 -7 -7 --------- Run | Scr Mat Min Mat Mat Fac Sto Machines Accessed 17 | . 1 . 1 9 2 4 Terminals 12 | . 1 . 1 6 1 3 Fabricators 1 | . . . . . 1 . Repair Stations 2 | . . . . 2 . . Recycling Units 1 | . . . . . . 1 Scanalyzers 1 | . . . . 1 . . Garrison Access . | . . . . . . . Total Hacks 43 | . 5 . 1 22 5 10 Successful 25 | . 1 . 1 18 1 4 Failed 18 | . 4 . . 4 4 6 Catastrophic 7 | . 2 . . 2 1 2 Database Lockouts . | . . . . . . . Manual 14 | . . . . 11 2 1 Terminals 30 | . 5 . 1 15 3 6 Fabricators 2 | . . . . . 2 . Repair Stations 5 | . . . . 5 . . Recycling Units 4 | . . . . . . 4 Scanalyzers 2 | . . . . 2 . . Garrison Access . | . . . . . . . Terminal Hacks 11 | . 1 . 1 6 1 2 Record 1 | . . . 1 . . . Part Schematic 1 | . . . . . . 1 Robot Analysis 1 | . . . . . 1 . Prototype ID Bank 1 | . 1 . . . . . Open Door 1 | . . . . . . 1 Alert Level 2 | . . . . 2 . . Security Status 1 | . . . . 1 . . Recall Investigation 1 | . . . . 1 . . Recall Reinforcements 2 | . . . . 2 . . Fabricator Hacks . | . . . . . . . Repair Station Hacks 4 | . . . . 4 . . Scan Component 2 | . . . . 2 . . Repair 2 | . . . . 2 . . Recycling Unit Hacks 1 | . . . . . . 1 Retrieve Matter 1 | . . . . . . 1 Scanalyzer 2 | . . . . 2 . . Insert Component 1 | . . . . 1 . . Analyze 1 | . . . . 1 . . Garrison Access Hacks . | . . . . . . . Unauthorized Hacks 7 | . . . . 6 . 1 Terminals 7 | . . . . 6 . 1 Track 3 | . . . . 3 . . Assimilate 1 | . . . . . . 1 Botnet 3 | . . . . 3 . . Fabricators . | . . . . . . . Repair Stations . | . . . . . . . Recycling Units . | . . . . . . . Scanalyzers . | . . . . . . . Garrison Access . | . . . . . . . Data Cores Recovered . | . . . . . . . Used . | . . . . . . . Hacking Detections 14 | . 1 . 1 7 2 3 Full Trace Events 2 | . . . . . 1 1 Feedback Events . | . . . . . . . Feedback Blocked . | . . . . . . . Robot Schematics Acquired . | . . . . . . . Robots Built . | . . . . . . . Matter . | . . . . . . . Time . | . . . . . . . Total Robot Build Rating . | . . . . . . . Part Schematics Acquired 2 | . . . . 1 . 1 Parts Built . | . . . . . . . Matter . | . . . . . . . Time . | . . . . . . . Total Part Build Rating . | . . . . . . . Parts Repaired 2 | . . . . 2 . . Time 58 | . . . . 58 . . Parts Recycled . | . . . . . . . Recycled Matter . | . . . . . . . Retrieved Matter . | . . . . . . . Retrieved Components . | . . . . . . . Parts Scanalyzed 1 | . . . . 1 . . Part Schematics Acquired 1 | . . . . 1 . . Parts Damaged . | . . . . . . . Bothacking | -11 -10 -10 -9 -8 -7 -7 ------------ Run | Scr Mat Min Mat Mat Fac Sto Used RIF Installer . | . . . . . . . Robots Hacked 1 | . . . . . . 1 Non-combat . | . . . . . . . Combat 1 | . . . . . . 1 Robot Hacks Applied 1 | . . . . . . 1 parse_system 1 | . . . . . . 1 Relay Couplers Released . | . . . . . . . Robots Rewired . | . . . . . . . Allies Hacked . | . . . . . . . Hacks Repelled . | . . . . . . . Allies | -11 -10 -10 -9 -8 -7 -7 -------- Run | Scr Mat Min Mat Mat Fac Sto Total Allies . | . . . . . . . Largest Group . | . . . . . . . Highest-Rated Group . | . . . . . . . Highest-Rated Ally . | . . . . . . . Total Orders . | . . . . . . . Ally Attacks . | . . . . . . . Total Damage . | . . . . . . . Kills . | . . . . . . . Allies Corrupted . | . . . . . . . Allies Melted . | . . . . . . . Intel | -11 -10 -10 -9 -8 -7 -7 ------- Run | Scr Mat Min Mat Mat Fac Sto Robot Analysis Total 1 | . . . . . 1 . Derelict Logs Recovered 1 | . . 1 . . . . Drone Launches . | . . . . . . . Drone Recoveries . | . . . . . . . Exploration | -11 -10 -10 -9 -8 -7 -7 ------------- Run | Scr Mat Min Mat Mat Fac Sto Turns Passed 3719 | 137 106 1319 442 1283 130 302 Spaces Moved 2062 | 78 64 736 198 567 237 182 Core 316 | 3 . . 6 31 235 41 Treads 1607 | 75 64 736 192 536 . 4 Legs 2 | . . . . . 2 . Wheels . | . . . . . . . Hover 67 | . . . . . . 67 Flight 70 | . . . . . . 70 Fastest Speed 40 | 50 160 160 160 50 50 40 Average Speed 142 | 155 160 160 168 162 50 86 Slowest Speed 400 | 160 160 160 350 400 120 370 Overloaded Moves . | . . . . . . . Propulsion Burnouts . | . . . . . . . Robots Hopped 2 | . . . . . . 2 Cave-ins Triggered . | . . . . . . . Exploration Rate (%) 34 | 5 15 95 27 60 9 30 Regions Visited 6 Branch Regions 2 Pre-discovered Areas . | . . . . . . . Known Exits Taken 1 | . . 1 . . . . Unknown Exits Taken 5 | 1 1 . 1 1 1 . Scrap Searched 2 | . . 2 . . . . Spaces Dug . | . . . . . . . Terrain Destroyed 179 | . . 12 73 94 . . Melee . | . . . . . . . Projectile 9 | . . . 9 . . . AOE 170 | . . 12 64 94 . . Terrain Rammed . | . . . . . . . Walls Destroyed . | . . . . . . . Machines Disabled . | . . . . . . . Actions | -11 -10 -10 -9 -8 -7 -7 --------- Run | Scr Mat Min Mat Mat Fac Sto Total 2659 | 91 67 870 268 843 245 275 Wait 378 | 7 . 115 26 203 . 27 Move 2053 | 77 63 735 197 566 236 179 Hop 1 | . . . . . . 1 Pick Up 18 | 2 2 5 2 6 1 . Fast Attach 43 | 5 2 2 6 9 5 14 Attach 12 | . . . 2 3 . 7 Detach 5 | . . . 1 . . 4 Swap 6 | . . 1 2 2 . 1 Drop 17 | . . 7 3 4 3 . Fire 106 | . . 5 29 40 . 32 Melee 10 | . . . . . . 10 Ram 10 | . . . . 10 . . Kick . | . . . . . . . Crush . | . . . . . . . Escape Stasis . | . . . . . . . Rewire . | . . . . . . . Trap . | . . . . . . . Miscellaneous . | . . . . . . . Route ------- -11/Scrapyard -10/Materials -10/Mines (discovered 2 exits: *Mat x2) -9/Materials -8/Materials -7/Factory -7/Storage History --------- Turn | Location | Event 22 | -11/Scrapyard | Discovered new exit (range 15) 138 | -11/Scrapyard | Entered Materials 231 | -10/Materials | Discovered new exit (range 6) 244 | -10/Materials | Entered Mines 292 | -10/Mines | A weapon hastily lodged in a ceiling crevice suddenly fell to the ground 317 | -10/Mines | Build established: Mutant 378 | -10/Mines | YI-UF0 nonchalantly dropped a Grenade Launcher on the ground 594 | -10/Mines | Identified exit to Materials 602 | -10/Mines | Found a hidden stash of uninstalled traps 1538 | -10/Mines | Discovered exit to Materials (range 15) 1563 | -10/Mines | Entered Materials 1563 | -9/Materials | Evolved 2 slots: Utility x2 1965 | -9/Materials | Lost 4 parts (2n2u) 1991 | -9/Materials | Discovered new exit (range 7) 2005 | -9/Materials | Entered another Materials area 2005 | -8/Materials | Evolved 2 slots: Utility x1, Weapon x1 2244 | -8/Materials | Repaired Lgt. Treads 2290 | -8/Materials | Repaired Cooling System 2701 | -8/Materials | Build established: Gunner 2791 | -8/Materials | Garrison activated, responded to threat 3263 | -8/Materials | Released all parts (4) 3268 | -8/Materials | Core integrity fell below 50% 3281 | -8/Materials | Discovered new exit (range 10) 3288 | -8/Materials | Entered Factory 3288 | -7/Factory | Evolved 2 slots: Power x1, Propulsion x1 3291 | -7/Factory | Lost 7 parts (2n2u3w) 3414 | -7/Factory | Discovered new exit (range 7) 3418 | -7/Factory | Entered Storage 3497 | -7/Storage | Build established: Mutant 3644 | -7/Storage | Released all parts (7) 3696 | -7/Storage | Core integrity fell below 50% 3705 | -7/Storage | Core integrity fell below 20% 3720 | -7/Storage | Destroyed by G-47 Trooper with Particle Gun Last Messages --------------- 03694_ System corrupted: Matter fused (-6). 03695_ Hvy. Deuterium Engine destroyed. 03695_ K-01 Serf cleans the Compression Vault. 03704_ Compression Vault explodes. 03704_ Y-54 Guardian destroyed. 03704_ A-02 Transporter destroyed. 03704_ K-01 Serf destroyed. 03704_ Acquired 61 matter. 03707_ Chainsword destroyed. 03708_ Acquired Lgt. Treads. 03709_ K-01 Serf collects debris. 03710_ O-24 Administrator destroyed. 03711_ Acquired Lgt. Treads. 03713_ K-01 Serf collects debris. 03714_ Acquired Chainsword. 03716_ U-05 Engineer builds a Door. 03717_ Acquired Med. Treads. 03717_ U-05 Engineer builds a Wall. 03718_ K-01 Serf collects debris. 03720_ Lgt. Treads destroyed. Map ----- +----------------------------------------------------+ | # # #*!! #????????????????? | | # + ##" "######????????????????? | | # # ##"Y"#?????????????????????? | | # !# ##"""#??#??????????????????? | | # !# ######?????????????????????? | | # # #??????????????????????????? | | # # #??????????????????????????? | | # # #########??????????????????? | | # + + ***#??????????????????? | | # ! # # #??????????????????? | | # # # ****#??????????????????? | | # # ##T######??????????????????? | | ####### ####???????????????????????? | | ?# # #?????????????????????????? | | ?# # #?????????????????????????? | | ?# # T #?????????????????????????? | | ?# # #?????????????????????????? | | ?# # #??######?????????????????? | | ?# ## #### ##????????????????? | | ?? ## # """T""" ##???????????????? | | ???#+## # #???????????????? | | ???# # #???????????????? | | ???# #!/ #???????????????? | | ???# Y%![* ######???????????? | | ???# #u [/!= k /ggu ?????????? | | ???# +!=@%==%g ####?????????????? | | ???# ^ # ! =! #????????????????? | | ???# # #########????????????????? | | ???#####+####????????????????????????? | | ?????????????????????????????????????? | | ?????????????????????????????????????? | | ?????????????????????????????????????? | | ?????????????????????????????????????? | | ?????????????????????????????????????? | | ?????????????????????????????????????? | | ?????????????????????????????????????? | | ?????????????????????????????????????? | | ?????????????????????????????????????? | | ?????????????????????????????????????? | | ?????????????????????????????????????? | | | | | | | | | | | | | | | | | | | | | +----------------------------------------------------+ Best States ------------- Heat Dissipation 75 Energy Generation 18 Energy Capacity 560 Matter Stores 300 Matter Capacity 300 Sight Range 22 Robot Scan Range 16 Terrain Scan Range 20 Terrain Scan Density 10 Armor Coverage 150 Evasion (%) 62 Recoil Reduction 3 Defensive Hacking 10 Item Schematics ----------------- Hvy. Assault Rifle | -8/Materials | Scanalyzed Imp. Shield Generator | -7/Storage | Hacked Robot Schematics ------------------ None Fabricated ------------ Nothing Alien Tech Used ----------------- None Achievements -------------- Fist Fight Challenges ------------ None Game ------ Seed MappingPlasmaBroadsword Manual? 0 Play Time 00:34:48 Cumulative 18.3 hours Start 2020.09.27 @ 12:09:21 End 2020.09.27 @ 12:55:12 Sessions 1 Manual Loads 0 Difficulty Rogue Special Mode None Game No. 37 Rogue 37 Adventurer 0 Explorer 0 Win Type - Total 0 Types 0/0/0/0/0/0/0/0/0 Lore% 10 Gallery% 34 Achievement% 23 Wizard Run 0 Options --------- ASCII 0 Keyboard 1 Movement Numpad Keybinds 0 Fullscreen 1 Font 18/SmallcapsGlow Map View 76x50 Tactical HUD 1 Map Filters NONE Filters NONE Steam 1 RUN: 1780b485-986d-4401-bdb5-bee9c34ff32c